 Dungeon Crawl Stone Soup version 0.30.0-29-ga12c61a403 (webtiles) character file.

Game seed: 5444619979096352485

1182 HargMentor the Cleaver (level 8, -11/69 HPs)
             Began as a Minotaur Berserker on June 19, 2023.
             Was a Priest of Trog.
             Mangled by an ogre
             ... wielding a +0 giant club
              (38 damage)
             ... on level 5 of the Dungeon.
             The game lasted 00:35:59 (4512 turns).

HargMentor the Cleaver (Minotaur Berserker)         Turns: 4512, Time: 00:35:59

Health: -11/69     AC:  7    Str: 24    XL:     8   Next: 19%
Magic:  7/7        EV: 11    Int:  4    God:    Trog [***...]
Gold:   123        SH:  0    Dex: 10    Spells: 7/7 levels left

rFire   . . .        a - +0 hand axe
rCold   . . .        (no shield)
rNeg    . . .        t - +0 scale mail
rPois   .            (helmet restricted)
rElec   .            N - scarf {harm}
rCorr   .            (no gloves)
SInv    .            (no boots)
Will    .....        b - amulet of regeneration Stlth
                     (no ring)
HPRegen 1.11/turn    (no ring)
MPRegen 0.10/turn

%: harm (+30% outgoing, +20% incoming)
@: no status effects
A: horns 2, retaliatory headbutt
a: Renounce Religion, Berserk, Trog's Hand


You were on level 5 of the Dungeon.
You worshipped Trog.
Trog was most pleased with you.
You visited 1 branch of the dungeon, and saw 5 of its levels.

You collected 213 gold pieces.
You spent 90 gold pieces at shops.

Inventory:

Hand Weapons
 a - a +0 hand axe (weapon)
 f - a +0 heavy spear
 n - a +0 short sword
 q - a +0 hand axe
 z - a +0 whip
 C - a +0 whip
 D - a +0 club
 F - a +0 mace
 G - a +0 club
 I - a +0 dagger of electrocution
 O - a +0 hand axe
 P - a +0 hand axe
 R - a +0 dagger
 S - a +0 short sword
 U - a +0 club
 V - a +0 short sword
 Y - a +0 dagger
 Z - a +0 sling
Missiles
 l - 79 stones
 s - 15 poisoned darts (quivered)
 Q - 4 boomerangs
Armour
 r - a +0 leather armour
 t - a +0 scale mail (worn)
 v - a +1 helmet
 y - a +0 robe
 A - a +1 helmet
 H - a +0 scale mail
 M - a +0 scale mail
 N - a scarf of harm (worn)
 W - a +0 robe
Magical Staves
 e - a staff of air
 X - a staff of cold
Jewellery
 b - an amulet of regeneration (around neck)
Wands
 h - a wand of iceblast (5)
Scrolls
 d - a scroll of identify
 g - 2 scrolls of fog
 m - a scroll of magic mapping {unknown}
 B - a scroll of acquirement {unknown}
 E - 2 scrolls of teleportation
 J - a scroll of fear {unknown}
 K - a scroll of vulnerability {unknown}
 L - 3 scrolls of noise
Potions
 c - a potion of magic {unknown}
 i - a potion of degeneration {unknown}
 j - 2 potions of invisibility {unknown}
 k - 3 potions of curing
 o - 3 potions of flight
 p - a potion of heal wounds {unknown}
 u - a potion of haste {unknown}
 T - 3 potions of mutation {unknown}


   Skills:
 - Level 5.6 Fighting
 + Level 9.3 Axes
 - Level 0.4(5.8) Maces & Flails
 - Level 5.9 Armour
 - Level 3.6 Dodging
 - Level 0.9 Stealth


You had 7 spell levels left.
You didn't know any spells.
Your spell library contained the following spells:

 Spells                   Type           Power      Damage    Failure   Level
 Necrotise                Necr           0%         1d4       78%         1
 Dazzling Flash           Conj/Hex       0%         N/A       98%         3
 Ozocubu's Armour         Ice            0%         N/A       98%         3
 Vampiric Draining        Necr           0%         2d6       98%         3
 Agony                    Necr           0%         N/A       100%        5
 Silence                  Hex/Air        0%         N/A       100%        5
 Conjure Ball Lightning   Conj/Air       0%         3x3d6     100%        6
 Ozocubu's Refrigeration  Ice            0%         4d7       100%        7
 Discord                  Hex            0%         N/A       100%        8
 Disjunction              Tloc           0%         N/A       100%        8


Dungeon Overview and Level Annotations

Branches:
Dungeon (5/15)
 Temple: D:4-7

Altars:
Okawaru
Zin

Shops:
D:2 *


Innate Abilities, Weirdness & Mutations

You have a pair of horns on your head.
You reflexively headbutt those who attack you in melee.


Message History

You closely miss the scorpion. Your headbutt misses the scorpion.
The scorpion is heavily wounded.
The scorpion closely misses you.
You miss the adder.
You headbutt the adder, but do no damage.
You hit the scorpion but do no damage. You hit the ogre.
The adder barely misses you. The scorpion misses you.
The ogre hits you with a +0 giant club! The adder bites you but does no damage.
You hit the adder.
The adder is moderately wounded.
You hit the ogre. You hit the scorpion. The scorpion closely misses you.
The adder barely misses you. You furiously retaliate!
You headbutt the adder!
You kill the adder!
Trog accepts your kill. The scorpion stings you.
You hit the scorpion.
You kill the scorpion!
Trog accepts your kill.
You barely miss the ogre. You slash the ogre! The ogre closely misses you.
The ogre misses you. You furiously retaliate!
You headbutt the ogre. You completely miss the ogre. You headbutt the ogre.
The ogre is severely wounded.
You barely miss the ogre. You barely miss the ogre.
The ogre is severely wounded.
You completely miss the ogre.
The ogre hits you with a +0 giant club! x2
You barely miss the ogre. Your headbutt misses the ogre.
The ogre is severely wounded.
You hit the ogre. The ogre hits you with a +0 giant club!
* * * LOW HITPOINT WARNING * * *
The ogre attacks as you move away! The ogre misses you.
The ogre attacks as you move away! The ogre barely misses you.
There is a stone staircase leading up here.
You feel better.
You hit the ogre.
The ogre is severely wounded.
You hit the ogre. The ogre misses you.
The ogre hits you with a +0 giant club!!
Ouch! That really hurt!
You die...

#..#...###...##. ##.
#.....## ##....# ...#
#....## ###... #..# #....#
#... #..## #...#######.....
#...###...............
#.................... ..
##................... ...
###..@................
....###...OO................
....#....................
.........................
............######.......
..........### ##....
.........## ...............
..... ............... ......


You could see 2 ogres.

Vanquished Creatures
  Grinder (D:3)
  The ghost of klichko the Shooter, an amateur BaHu of Hepliaklqana (D:3)
  Menkaure (D:4)
  A black bear (D:5)
  A phantom (D:5)
  A wyvern zombie (D:3)
  A scorpion (D:5)
  A wyvern skeleton (D:3)
  A water moccasin skeleton (D:3)
  A howler monkey (D:4)
  An orc priest (D:4)
  A hound (D:4)
  A jelly (D:5)
  A bullfrog skeleton (D:3)
  An orc wizard (D:4)
  3 gnolls (D:4)
  6 adders
  A worm (D:2)
  3 dart slugs
  6 orcs
  9 ball pythons
  5 endoplasms
  4 giant cockroaches
  8 goblins
  6 hobgoblins
  12 jackals (D:2)
  10 kobolds
  5 quokkas
  5 bats
  6 frilled lizards
  2 rats
106 creatures vanquished.

Notes
Turn   | Place    | Note
-------+----------+-------------------------------------------
     0 | D:1      | HargMentor the Minotaur Berserker began the quest for the
                  | Orb.
     0 | D:1      | Reached XP level 1. HP: 19/19 MP: 0/0
    40 | D:1      | Found a faded altar of an unknown god.
   183 | D:1      | Reached XP level 2. HP: 27/27 MP: 1/1
   256 | D:1      | Reached skill level 4 in Axes
   593 | D:1      | Reached XP level 3. HP: 33/33 MP: 2/2
   937 | D:2      | Found Jyrhonu's Assorted Antiques.
  1073 | D:2      | Reached ** piety under Trog
  1191 | D:2      | Reached XP level 4. HP: 41/41 MP: 3/3
  2119 | D:3      | Found an iron altar of Okawaru.
  2153 | D:3      | Reached skill level 5 in Axes
  2261 | D:3      | Noticed Grinder
  2273 | D:3      | Killed Grinder
  2274 | D:3      | Reached XP level 5. HP: 14/47 MP: 4/4
  2274 | D:3      | Reached XP level 6. HP: 17/55 MP: 5/5
  2634 | D:3      | Reached skill level 6 in Axes
  2987 | D:3      | Found a transporter.
  2990 | D:3      | Noticed klichko's ghost (amateur BaHu)
  2991 | D:3      | Found a transporter.
  3149 | D:3      | Reached skill level 5 in Fighting
  3328 | D:3      | Killed klichko's ghost
  3329 | D:3      | Reached skill level 5 in Armour
  3329 | D:3      | Reached XP level 7. HP: 39/61 MP: 6/6
  3333 | D:3      | Reached skill level 7 in Axes
  3333 | D:3      | Reached *** piety under Trog
  3441 | D:4      | Noticed Menkaure
  3448 | D:4      | Killed Menkaure
  3519 | D:4      | Found Zin's Purification Station.
  3533 | D:4      | Found a glowing silver altar of Zin.
  3794 | D:4      | Bought a potion of curing for 90 gold pieces
  4101 | D:4      | Reached skill level 8 in Axes
  4292 | D:5      | Entered Level 5 of the Dungeon
  4328 | D:5      | Reached XP level 8. HP: 45/69 MP: 7/7
  4365 | D:5      | Reached skill level 9 in Axes
  4512 | D:5      | Mangled by an ogre

Illustrated notes

Levels and vault maps discovered:
D:1:      dpeg_arrival_radiant, layout_loops_ring,
          hellmonk_ecumenical_altar_prayer_group
D:2:      kennysheep_six_static_rooms, layout_basic, serial_shops,
          nicolae_shop_tiny_real_fake_doors
D:3:      layout_basic, nicolae_overflow_crystal_walls,
          gammafunk_ghost_mausoleum, uniq_grinder
D:4:      layout_basic, zin_purify, uniq_menkaure
D:5:      cheibrodos_helix_gallery, layout_layer_cave,
          gammafunk_ghost_abyssal_escape

Skill      XL: |  1  2  3  4  5  6  7  8 |
---------------+-------------------------+-----
Axes           | 4 5 6 8 9 |  9.3
Fighting       | 4 5 |  5.6
Dodging        | 3 |  3.6
Armour         | 4 5 |  5.9
Maces & Flails | |  0.4
Stealth        | |  0.9

Action                     |  1- 3 |  4- 6 |  7- 9 || total
---------------------------+-------+-------+-------++-------
  Melee: Hand axe          |    75 |   104 |    69 ||   248
         Headbutt          |    12 |    22 |    12 ||    46
         Punch             |     1 |     3 |     1 ||     5
    Use: Scroll            |       |     3 |     1 ||     4
         Potion            |       |       |     1 ||     1
 Armour: Animal skin       |    18 |       |       ||    18
         Scale mail        |    10 |    49 |    25 ||    84
  Dodge: Dodged            |    42 |    68 |    41 ||   151
